 Dungeon Crawl Stone Soup version 0.26.1-11-gd32895ea62 (webtiles) character file.

Game seed: 4581735419806679427

4054 karkarkar the Cleaver (level 10, -15/88 HPs)
             Began as a Minotaur Berserker on July 26, 2021.
             Was an Elder of Trog.
             Demolished by a death yak (27 damage)
             ... on level 8 of the Dungeon on July 28, 2021.
             The game lasted 00:28:08 (7614 turns).

karkarkar the Cleaver (Minotaur Berserker)          Turns: 7614, Time: 00:28:09

Health: -15/88     AC:  4    Str: 24    XL:     10   Next: 4%
Magic:  9/9        EV: 13    Int:  4    God:    Trog [****..]
Gold:   257        SH: 11    Dex: 11    Spells: 9/9 levels left

rFire    . . .     SeeInvis .   x - +0 war axe
rCold    . . .     Faith    +   g - +0 kite shield
rNeg     . . .     Spirit   .   q - +0 troll leather armour
rPois    .         Reflect  .   (helmet restricted)
rElec    .         Harm     .   (no cloak)
rCorr    .         Rampage  .   (no gloves)
Will     ++...                  (no boots)
Stlth    ++........             h - amulet of faith
HPRegen  1.64/turn              d - ring of flight
MPRegen  0.11/turn              (no ring)

@: regenerating
A: retaliatory headbutt, horns 2
a: Renounce Religion, Evoke Flight, Berserk, Trog's Hand, Brothers in Arms


You were on level 8 of the Dungeon.
You worshipped Trog.
Trog was greatly pleased with you.
You visited 1 branch of the dungeon, and saw 8 of its levels.
You also visited: Bailey.

You collected 257 gold pieces.

Inventory:

Hand Weapons
 s - a +2 vorpal flail
 x - a +0 war axe (weapon)
Missiles
 b - 3 javelins (quivered)
Armour
 g - a +0 kite shield (worn)
 q - a +0 troll leather armour (worn)
Jewellery
 d - a ring of flight (left hand)
 h - an amulet of faith (around neck)
Wands
 p - a wand of polymorph (8)
 t - a wand of iceblast (7)
Scrolls
 c - 5 scrolls of remove curse
 e - a scroll of teleportation
 f - 5 scrolls of fog
 m - a scroll of enchant armour {unknown}
 u - a scroll of silence {unknown}
 y - a scroll of summoning {unknown}
Potions
 a - a potion of mutation {unknown}
 n - a potion of lignification
 o - a potion of curing {unknown}
 r - 2 potions of heal wounds {unknown}
 v - 2 potions of haste
 w - 2 potions of invisibility {unknown}
 z - 2 potions of flight {unknown}
 A - a potion of degeneration {unknown}


   Skills:
 + Level 8.2 Fighting
 + Level 9.8(10.5) Axes
 + Level 6.0(8.7) Maces & Flails
 + Level 0.5 Throwing
 + Level 4.6 Armour
 + Level 6.7 Dodging
 + Level 2.3 Stealth
 + Level 6.7 Shields


You had 9 spell levels left.
You didn't know any spells.
Your spell library was empty.

Dungeon Overview and Level Annotations

Branches:
Dungeon (8/15)             Temple (0/1) D:5            Lair (0/6) D:8
 Bailey (visited)

Altars:
Elyvilon
Fedhas
Makhleb
Nemelex Xobeh
Wu Jian
Yredelemnul

Shops:
D:7 [


Innate Abilities, Weirdness & Mutations

You reflexively headbutt those who attack you in melee.
You have a pair of horns on your head.


Message History

The death yak is heavily wounded.
The death yak barely misses you.
You slash the death yak! Your headbutt misses the death yak.
The death yak is heavily wounded.
The death yak gores you.
You hit the death yak but do no damage. You headbutt the death yak!
The death yak is severely wounded.
You block the death yak's attack.
You hit the death yak.
The death yak is severely wounded.
The death yak gores you!!
* * * LOW HITPOINT WARNING * * *
You hit the death yak.
The death yak is severely wounded.
The death yak gores you!
* * * LOW HITPOINT WARNING * * *
You hit the death yak but do no damage. Your headbutt misses the death yak.
The death yak is severely wounded.
The death yak gores you!!
You die...

#.# #.# #.### #.# #.########..(#
#.# #..........#.# #.#
############.# ### #.# #.# ##.##
#.# #.#######.#.##
##.################........###.#
.................##########.#.##
...#########.#.#@# ##.##
.####..Y.<...#.#Y# #.# .#
#Y########.#Y## #.# .# #.#
###.#Y.#### #.# .# #Y#
#.........# #.# .# #.#
#.≈≈≈≈≈≈≈.## #.#### .# #Y#
#.Y#####≈..# #.....
.####.######.≈#...#≈..# ######
........YY.#.≈#.∩.#≈..# #


You could see 3 death yaks.

Vanquished Creatures
  A death yak (D:7)
  Grinder (D:4)
  Edmund (D:5)
  3 orc warriors
  2 phantoms
  A sky beast (D:8)
  An ice beast (D:7)
  A black bear (D:6)
  A necrophage (D:6)
  4 ogres
  2 centaurs
  2 bullfrogs
  A gnoll sergeant (D:8)
  A scorpion (D:8)
  6 killer bees (D:7)
  3 wights
  An electric eel (D:6)
  A centaur zombie (D:7)
  A bullfrog zombie (D:6)
  A centaur skeleton (D:4)
  3 jellies
  4 hounds
  4 orc wizards
  4 orc priests
  Jessica (D:2)
  2 iguanas
  2 worker ants
  Robin (D:4)
  20 adders
  8 gnolls
  A howler monkey skeleton (D:4)
  A shadow imp (D:6)
  A white imp (D:8)
  2 ufetubi (D:6)
  An ooze (D:1)
  An adder skeleton (D:6)
  A worm (D:2)
  3 dart slugs
  A leopard gecko (D:6)
  33 orcs
  A ball python (D:4)
  4 bats
  8 giant cockroaches
  23 goblins
  4 hobgoblins
  11 jackals
  7 kobolds
  3 quokkas
  4 frilled lizards
  A jackal zombie (D:7)
  A leopard gecko skeleton (D:8)
  A leopard gecko zombie (D:5)
  6 rats
203 creatures vanquished.

Vanquished Creatures (others)
  13 fungi (D:4)
  3 plants (D:4)
16 creatures vanquished.

Grand Total: 219 creatures vanquished

Notes
Turn   | Place    | Note
-------+----------+-------------------------------------------
     0 | D:1      | karkarkar the Minotaur Berserker began the quest for the
                  | Orb.
     0 | D:1      | Reached XP level 1. HP: 19/19 MP: 0/0
   404 | D:1      | Reached XP level 2. HP: 24/27 MP: 1/1
   467 | D:1      | Reached skill level 4 in Axes
   954 | D:2      | Reached XP level 3. HP: 27/33 MP: 2/2
  1610 | D:2      | Reached XP level 4. HP: 41/41 MP: 3/3
  1878 | D:2      | Noticed Jessica
  1902 | D:2      | Killed Jessica
  1903 | D:2      | Reached skill level 5 in Axes
  2163 | D:3      | Reached skill level 1 in Shields
  2175 | D:3      | Reached ** piety under Trog
  2228 | D:3      | Reached XP level 5. HP: 47/47 MP: 4/4
  2238 | D:3      | Reached skill level 5 in Fighting
  2285 | D:3      | Found a burning altar of Makhleb.
  2467 | D:3      | Reached XP level 6. HP: 55/56 MP: 5/5
  3040 | D:4      | Reached skill level 6 in Axes
  3098 | D:4      | Found a blossoming altar of Fedhas.
  3161 | D:4      | Noticed Grinder
  3220 | D:4      | Killed Grinder
  3221 | D:4      | Reached XP level 7. HP: 52/61 MP: 6/6
  3253 | D:4      | Noticed Robin
  3572 | D:4      | Killed Robin
  3573 | D:4      | Reached skill level 7 in Axes
  3730 | D:4      | Reached skill level 1 in Stealth
  3828 | D:5      | Entered Level 5 of the Dungeon
  3843 | D:5      | Noticed Edmund
  3864 | D:5      | Killed Edmund
  3939 | D:5      | Got a crude short sword
  3940 | D:5      | Identified the cursed +0 short sword "Goblinslayer" {drain,
                  | *Drain rF+ rC+++ Int+4} (You found it on level 5 of the
                  | Dungeon)
  4000 | D:5      | Found a staircase to the Ecumenical Temple.
  4223 | D:5      | Reached *** piety under Trog
  4240 | D:5      | Reached skill level 8 in Axes
  4644 | D:6      | Reached skill level 1 in Maces & Flails
  4668 | D:6      | Reached XP level 8. HP: 70/70 MP: 7/7
  4699 | D:6      | Reached skill level 5 in Dodging
  5123 | D:6      | Got a twisted leather armour
  5162 | D:6      | Reached skill level 5 in Maces & Flails
  5333 | D:6      | Reached **** piety under Trog
  5334 | D:6      | Reached XP level 9. HP: 67/79 MP: 8/8
  5639 | D:6      | Reached skill level 5 in Shields
  6050 | D:7      | Found a basalt altar of Yredelemnul.
  6051 | D:7      | Found an ornate altar of the Wu Jian Council.
  6051 | D:7      | Found a sparkling altar of Nemelex Xobeh.
  6052 | D:7      | Found a white marble altar of Elyvilon.
  6059 | D:7      | Identified the cursed +1 leather armour of Eternity
                  | {Rampage *Corrode Str+5 Int+2} (You found it on level 6 of
                  | the Dungeon)
  6139 | D:7      | Found Jiluxt's Armour Shop.
  6159 | D:7      | HP: 3/79 [poisoned by a killer bee]
  6668 | D:8      | Noticed a death yak
  6669 | D:8      | Found a flagged portal.
  6670 | D:8      | Noticed a death yak
  6671 | D:8      | Noticed a death yak
  6742 | D:8      | Noticed a death yak
  6766 | D:8      | Found a staircase to the Lair.
  6778 | Bailey   | Entered a bailey
  6778 | Bailey   | Noticed an orc knight
  6779 | Bailey   | Noticed an orc knight
  6829 | D:8      | Reached skill level 9 in Axes
  6923 | D:8      | HP: 1/80 [death yak (6)]
  7041 | D:7      | HP: 1/80 [death yak (8)]
  7044 | D:7      | Killed a death yak
  7323 | D:8      | Reached XP level 10. HP: 27/88 MP: 9/9
  7614 | D:8      | Demolished by a death yak

Illustrated notes

Levels and vault maps discovered:
D:1:      enne_arrival_octagon_isle, layout_loops_cross, minivault_27
D:2:      layout_rooms, minivault_26, uniq_jessica
D:3:      layout_basic, lemuel_altar_in_water
D:4:      layout_loops_ring, fedhas_altar_3, uniq_grinder, uniq_robin
D:5:      layout_basic, minmay_temple_entry_waves,
          chequers_serial_rivers_room_b, uniq_edmund
D:6:      layout_rooms, nicolae_lava_and_water
D:7:      layout_rooms, chequers_temple_overflow_statue_of_worship,
          serial_shops, nicolae_shop_crystal
D:8:      layout_loops_ring, dpeg_lair_monsters, enter_bailey_3,
          uniq_prince_ribbit1

Skill      XL: |  1  2  3  4  5  6  7  8  9 |
---------------+----------------------------+-----
Fighting       | 4 5 6 7 8 |  8.2
Axes           | 4 5 6 8 9 |  9.8
Shields        | 1 2 3 4 6 |  6.7
Dodging        | 3 4 5 6 |  6.7
Armour         | 3 4 |  4.6
Stealth        | 1 2 |  2.3
Maces & Flails | 1 5 6 |  6.0
Throwing       | |  0.5

Action                   |  1- 3 |  4- 6 |  7- 9 | 10-12 || total
-------------------------+-------+-------+-------+-------++-------
Melee: Hand axe          |    64 |    96 |    43 |       ||   203
       Headbutt          |     8 |    26 |    68 |     7 ||   109
       War axe           |       |    38 |   160 |    32 ||   230
       Flail             |       |       |   144 |       ||   144
Throw: Javelin           |       |       |     6 |       ||     6
Invok: Berserk           |     1 |     2 |     2 |       ||     5
       Trog's Hand       |       |     6 |    13 |     1 ||    20
Evoke: Wand              |       |       |     1 |       ||     1
  Use: Scroll            |       |     6 |    12 |       ||    18
 Stab: Sleeping          |       |       |     3 |       ||     3
Armor: Animal skin       |    16 |     8 |       |       ||    24
       Troll leather arm |       |    25 |    57 |     3 ||    85
Dodge: Dodged            |    32 |    55 |   165 |    14 ||   266
Block: Kite shield       |    29 |    58 |   202 |    20 ||   309
